 Dungeon Crawl Stone Soup version 0.31-a0-986-g5e6e4ef867 (webtiles) character file.

Game seed: 9592938225707042245

515 Jeffwins the Ruffian (level 7, 53/56 HPs)
             Began as a Red Draconian Shapeshifter on Nov 18, 2023.
             Quit the game on level 4 of the Dungeon.
             The game lasted 00:08:18 (2904 turns).

Jeffwins the Ruffian (Red Draconian Shapeshifter)   Turns: 2904, Time: 00:08:18

Health: 53/56      AC:  6    Str: 23    XL:     7   Next: 0%
Magic:  7/7        EV: 12    Int: 19    God:
Gold:   111        SH:  5    Dex: 10    Spells: 3/7 levels left

rFire   + +          .
                       - Unarmed
rCold   + . .        (no shield)
rNeg    . . .        (body armour unavailable)
rPois   .            (helmet currently unavailable)
rElec   .            (cloak currently unavailable)
rCorr   .            (gloves currently unavailable)
SInv    .            (boots currently unavailable)
Will    .....        u - amulet of reflection
Stlth   +            q - ring "Xejajuun" {rF+ rC+ Int+7 Stlth-}
HPRegen 0.29/turn    S - +6 ring of strength
MPRegen 0.10/turn

%: reflection
@: beast-form
A: beast (slay +2), breathe fire, AC +6, unfitting armour, fire resistance 1,
cold-blooded
a: Breathe Fire, Begin Untransformation


You were on level 4 of the Dungeon.
You were a hulking beast.
You visited 1 branch of the dungeon, and saw 4 of its levels.
You also visited: Sewer.

You collected 111 gold pieces.


Innate Abilities, Weirdness & Mutations

You are a hulking beast.
Your limbs bulge with bestial killing power. (Slay +2)
You can breathe blasts of fire.
Your fiery red scales are hard. (AC +6)
You cannot fit into any form of body armour.
Your flesh is heat resistant. (rF+)
You are cold-blooded and may be slowed by cold attacks.


   Skills:
 + Level 2.8 Fighting
 + Level 1.5 Throwing
 + Level 2.8 Dodging
 + Level 2.0 Stealth
 * Level 4.6 Unarmed Combat
 + Level 0.6 Spellcasting
 + Level 0.7 Translocations
 + Level 0.9 Air Magic
 + Level 0.7 Poison Magic
 + Level 0.8 Evocations
 * Level 4.2 Shapeshifting


You had 3 spell levels left.
You knew the following spells:

 Your Spells              Type           Power      Damage    Failure   Level
p - Poisonous Vapours     Pois/Air       6%         N/A       22%         2
I - Blink                 Tloc           6%         N/A       22%         2

Your spell library contained the following spells:

 Spells                   Type           Power      Damage    Failure   Level
 Sting                    Tmut/Pois      8%         1d3       17%         1
 Volatile Blastmotes      Fire/Tloc      4%         2d10      45%         3
 Inner Flame              Hex/Fire       0%         N/A       52%         3
 Manifold Assault         Tloc           3%         N/A       80%         4
 Olgreb's Toxic Radiance  Pois           3%         N/A       82%         4
 Iskenderun's Mystic Bla  Conj/Tloc      2%         2d3       86%         4
 Flame Wave               Conj/Fire      0%         2d4       89%         4
 Fulminant Prism          Conj/Hex       0%         3d5       89%         4
 Sticky Flame             Conj/Fire      0%         2d3       89%         4

Inventory:

Hand Weapons
 z - a +0 dagger of venom
Missiles
 A - 4 poisoned darts
Armour
 e - a +0 cloak
 f - a +0 kite shield
 o - an orb of guile
 p - a scarf of shadows
Jewellery
 q - the ring "Xejajuun" (left hand) {rF+ rC+ Int+7 Stlth-}
   (You acquired it on level 2 of the Dungeon)

   [ring of protection from fire]

   Int+7:     It affects your intelligence (+7).
   rF+:       It protects you from fire.
   rC+:       It protects you from cold.
   Stlth-:    It makes you less stealthy.
 u - an amulet of reflection (around neck)
 C - a ring of ice
 N - a ring of positive energy
 S - a +6 ring of strength (right hand)
Talismans
 b - a beast talisman
 c - a flux talisman
Wands
 w - a wand of charming (13)
Scrolls
 a - a scroll of revelation {unknown}
 d - a scroll of teleportation {@r4}
 g - 2 scrolls of poison {unknown}
 l - 2 scrolls of immolation {!r}
 n - 2 scrolls of fear
 s - 2 scrolls of enchant armour {unknown}
 y - a scroll of identify {@r1}
Potions
 h - 2 potions of mutation {unknown}
 i - a potion of heal wounds {unknown}
 j - a potion of berserk rage {unknown}
 k - a potion of invisibility {unknown}
 m - a potion of enlightenment {unknown}
 t - a potion of cancellation {unknown}
 v - a potion of degeneration {unknown}
 x - a potion of brilliance {unknown}

Dungeon Overview and Level Annotations

Branches:
Dungeon (4/15)              Sewer (visited)
 Temple: D:4-7

Altars:

#.##.# ##...... ####
##....... #..#
##........ #..#
##.........
#+#+#P.####..........
#...h...##...........
#..)#P...............
#...#..###...........
#####..# #...........
#### ##..........
#.........#
#........##
##......## #.....##


There were no monsters in sight!


Message History

You hit the hound.
The hound is severely wounded.
The gnoll hits you but does no damage. The hound bites you but does no damage.
Unknown command.
You barely miss the hound.
The hound is severely wounded.
The gnoll closely misses you. The hound bites you.
You completely miss the hound. You tail-slap the hound.
You kill the hound!
The gnoll hits you from afar with a +0 spear.
Unknown command.
The gnoll hits you but does no damage.
There is an open door, spattered with blood here.
You see here a hound corpse.
You punch the gnoll!
Your tail-slap misses the gnoll.
The gnoll is almost dead.
The gnoll barely misses you.
You completely miss the gnoll.
The gnoll is almost dead.
The gnoll barely misses you.
You punch the gnoll!
You kill the gnoll!
You have reached level 7!
Your scales start taking on a fiery red colour.
You learn Fire Magic much quicker.
You learn Ice Magic much slower.
You can breathe blasts of fire.
You feel resistant to heat.
Okay, then.
Unknown command.
Are you sure you want to abandon this character and quit the game? (Confirm with "yes".)

Skill      XL: |  1  2  3  4  5  6 |
---------------+-------------------+-----
Dodging        | 2 |  2.8
Stealth        | 1 2 |  2.0
Fighting       | 2 |  2.8
Unarmed Combat | 4 |  4.6
Throwing       | 1 |  1.5
Shapeshifting  | 4 |  4.2
Spellcasting   | |  0.6
Translocations | |  0.7
Air Magic      | |  0.9
Poison Magic   | |  0.7
Evocations     | |  0.8

Action                     |  1- 3 |  4- 6 |  7- 9 || total
---------------------------+-------+-------+-------++-------
  Melee: Unarmed           |    85 |   138 |       ||   223
         Tailslap          |     3 |     9 |       ||    12
         Punch             |     2 |     3 |       ||     5
  Throw: Dart              |     4 |    23 |       ||    27
    Use: Scroll            |     2 |     2 |       ||     4
         Potion            |     1 |     1 |       ||     2
   Stab: Sleeping          |     1 |       |       ||     1
 Armour: Skin              |    57 |    67 |       ||   124
  Dodge: Dodged            |    41 |    82 |       ||   123
  Block: Other             |       |    21 |       ||    21
         Reflection        |       |     1 |       ||     1

Levels and vault maps discovered:
D:1:      amcnicky_arrival_abandoned_market, layout_loops_ring,
          amcnicky_mini_pool_small, minmay_misc_feat_columns
D:2:      layout_basic, shapermc_ecumenical_altar_mp_urbaneastern,
          chequers_serial_rivers_micro_d, minmay_tromino_v2, uniq_natasha
D:3:      layout_rooms, gup_sewer_entry_bowl, grunt_ministairs_14
D:4:      layout_cave_pods, cheibrodos_gnoll_hut, uniq_edmund, uniq_ijyb

Notes
Turn   | Place    | Note
-------+----------+-------------------------------------------
     0 | D:1      | Jeffwins the Draconian Shapeshifter began the quest for the
                  | Orb.
     0 | D:1      | Reached XP level 1. HP: 16/16 MP: 1/1
    86 | D:1      | Reached XP level 2. HP: 23/23 MP: 2/2
   251 | D:1      | Reached skill level 2 in Dodging
   780 | D:2      | Reached XP level 3. HP: 12/29 MP: 3/3
  1023 | D:2      | Noticed Natasha
  1030 | D:2      | HP: 1/29 [Natasha (4)]
  1032 | D:2      | Identified a scroll of acquirement
  1035 | D:2      | HP: 1/29 [Natasha (3)]
  1162 | D:2      | Acquired the ring "Xejajuun" {rF+ rC+ Int+7 Stlth-}
  1243 | D:2      | Reached skill level 1 in Stealth
  1456 | D:2      | Found a faded altar of an unknown god.
  1512 | D:2      | Killed Natasha
  1513 | D:2      | Reached XP level 4. HP: 30/36 MP: 4/4
  1613 | D:2      | Noticed Natasha
  1624 | D:2      | Killed Natasha
  1625 | D:2      | Reached skill level 2 in Fighting
  1684 | D:2      | Noticed Natasha
  1686 | D:2      | Killed Natasha
  1756 | D:3      | Reached XP level 5. HP: 28/41 MP: 5/5
  1944 | D:3      | Reached skill level 4 in Unarmed Combat
  1961 | D:3      | Found a glowing drain.
  1965 | Sewer    | Entered a sewer
  2006 | Sewer    | Reached skill level 1 in Throwing
  2058 | Sewer    | Reached skill level 4 in Shapeshifting
  2270 | D:3      | Learned a level 2 spell: Blink
  2275 | D:3      | Learned a level 2 spell: Poisonous Vapours
  2625 | D:4      | Noticed Ijyb
  2655 | D:4      | Killed Ijyb
  2656 | D:4      | Reached XP level 6. HP: 44/50 MP: 6/6
  2814 | D:4      | Noticed Edmund
  2824 | D:4      | Killed Edmund
  2825 | D:4      | Reached skill level 2 in Stealth
  2904 | D:4      | Your scales start taking on a fiery red colour.
  2904 | D:4      | Reached XP level 7. HP: 53/56 MP: 7/7
  2904 | D:4      | Gained mutation: Your flesh is heat resistant. (rF+) [Red
                  | Draconian growth]
  2904 | D:4      | Quit the game

Vanquished Creatures
  Edmund (D:4)
  A scorpion (D:4)
  2 hounds (D:4)
  Ijyb (D:4)
  A hell rat (Sewer)
  Natasha (thrice) (D:2)
  3 adders
  A gnoll (D:4)
  7 river rats
  A worm (D:2)
  4 dart slugs
  An orc (D:3)
  8 endoplasms
  3 giant cockroaches
  A hobgoblin (D:3)
  2 jackals (D:1)
  4 kobolds
  3 quokkas
  7 ball pythons
  5 bats
  4 frilled lizards
  3 goblins
  9 rats
75 creatures vanquished.

Table legend: (Time is in decaauts)
 A = Elapsed time spent in this place.
 B = Non-inter-level travel time spent in this place.
 C = Inter-level travel time spent in this place.
 D = Time resting spent in this place.
 E = Time spent auto-exploring this place.
 F = Levels seen in this place.
 G = Mean time per level.
                   A        B        C        D        E       F      G
               +--------+--------+--------+--------+--------+-----+--------+
         Total |   2910 |   2735 |    175 |    122 |   1951 |   5 |  582.0 |
       Dungeon |   2761 |   2586 |    175 |    122 |   1876 |   4 |  690.2 |
         Sewer |    148 |    148 |      0 |      0 |     75 |   1 |  148.0 |
               +--------+--------+--------+--------+--------+-----+--------+

Top non-repeatable levels by time:
     D:2: 1042 daAuts
     D:3: 742 daAuts
     D:1: 688 daAuts
     D:4: 289 daAuts
   Sewer: 148 daAuts

Table legend:
 A = Non-vault XP
 B = Vault XP
 C = Vault XP percentage of total XP
 D = Non-vault monster count
 E = Vault monster count
 F = Vault count percentage of total count
                 A         B        C        D         E       F
            +---------+---------+-------+---------+---------+-------
      Total |     273 |     463 |  62.9 |      50 |      25 |  33.3
            +---------+---------+-------+---------+---------+-------
        D:1 |      35 |       0 |   0.0 |      19 |       0 |   0.0
        D:2 |     113 |      37 |  24.7 |      11 |       3 |  21.4
        D:3 |      37 |      31 |  45.6 |      15 |       4 |  21.1
        D:4 |      88 |     286 |  76.5 |       5 |       5 |  50.0
      Sewer |       0 |     109 | 100.0 |       0 |      13 | 100.0
            +---------+---------+-------+---------+---------+-------
